 Dungeon Crawl Stone Soup version 0.30-a0-23-ge60ba3568b (webtiles) character file.

Game seed: 13812160960891594915

5 spiderkeys the Digger (level 1, -2/11 HPs)
             Began as an Octopode Earth Elementalist on Aug 25, 2022.
             Slain by a goblin
             ... wielding a +0 club
              (4 damage)
             ... on level 1 of the Dungeon.
             The game lasted 00:01:09 (240 turns).

spiderkeys the Digger (Octopode Earth Elementalist)  Turns: 240, Time: 00:01:09

Health: -2/11      AC:  1    Str:  7    XL:     1   Next: 80%
Magic:  0/3        EV: 13    Int: 17    God:
Gold:   19         SH:  0    Dex: 12    Spells: 3/4 levels left

rFire   . . .      SeeInvis .    (no weapon)
rCold   . . .      Faith    .    (no shield)
rNeg    . . .      Spirit   .    (helmet restricted)
rPois   .          Reflect  .    (no amulet)
rElec   .          Harm     .    (no ring)
rCorr   .          Rampage  .    (no ring)
Will    .....                    (no ring)
Stlth   +++.......               (no ring)
HPRegen 0.03/turn                (no ring)
MPRegen 0.08/turn                (no ring)
                                 (no ring)
                                 (no ring)

@: no status effects
A: almost no armour, amphibious, 8 rings, camouflage 1, gelatinous body 1,
(nimble swimmer 1), tentacles
a: no special abilities


You were on level 1 of the Dungeon.
You visited 1 branch of the dungeon, and saw 1 of its levels.

You collected 19 gold pieces.


Innate Abilities, Weirdness & Mutations

You cannot wear most types of armour.
You are amphibious.
You can wear up to eight rings at the same time.
Your skin changes colour to match your surroundings (Stealth+).
Your rubbery body absorbs attacks. (AC +1, EV +1)
((You are camouflaged when in or above water. (Stealth+)))
You have tentacles for arms and can constrict up to eight enemies at once.


   Skills:
 - Level 2.0 Dodging
 + Level 2.9 Stealth
 + Level 2.1 Spellcasting
 + Level 0.4 Conjurations
 - Level 1.0 Transmutations
 + Level 3.0 Earth Magic


You had 3 spell levels left.
You knew the following spells:

 Your Spells              Type           Power      Damage    Failure   Level
s - Sandblast             Erth           24%        2d8       5%          1

Your spell library contained the following spells:

 Spells                   Type           Power      Damage    Failure   Level
 Passwall                 Tmut/Erth      6%         N/A       13%         2
 Stone Arrow              Conj/Erth      14%        3d7       28%         3
 Petrify                  Tmut/Erth      8%         N/A       63%         4

Inventory:

Potions
 a - a potion of magic

Dungeon Overview and Level Annotations

Branches:
Dungeon (1/15) Zot: 5755

Altars:

#.###.......#....#
.......>...#....##
###.....ā€
.#......
#........#...... #
#....###.#......
##.######....#
#.####..#
#.......#....#
#........
#.........####
########.
#......@### ##.##
#. #.....gā€ #
##...## #.
#.......#
##.....## #.
###.....#
##.......###.
#.....#
##.........##.
#......
+.....<.....'.
#....##
#####...#####.
#.... ##.## ##.
#.# ##..


You could see a goblin.


Message History

The heart of this dungeon contains the fabled artefact, the Orb of Zot.
Press ? for a list of commands and other information.
Found 15 gold pieces.
Found a staircase leading out of the dungeon.
You now have 15 gold pieces.
As you open the door, it creaks loudly!
There is an open door here.
A bat comes into view.
A bat is nearby!
A bat is nearby!
The blast of sand hits the bat!
You kill the bat! šŸ˜Ž MP[-1]
You lost 1 mp, and now have 2/3 mp.
No target in view!
An endoplasm and a rat come into view.
Found a stone staircase leading down. šŸ˜Ž MP[+1]
Your mp is fully restored (3).
There are monsters nearby!
There are monsters nearby!
You miscast Sandblast.
You are very lightly contaminated with residual magic.
Nothing appears to happen. šŸ˜Ž MP[-1]
You lost 1 mp, and now have 2/3 mp.
The blast of sand hits the rat!
You kill the rat! šŸ˜Ž MP[-1]
You lost 1 mp, and now have 1/3 mp.
An endoplasm is nearby!
You start resting.
Your magical contamination has completely faded away. šŸ˜Ž MP[+2]
Your mp is fully restored (3).
An endoplasm is nearby!
You start waiting.
Done waiting.
Unknown command.
You can't see any susceptible monsters within range! (Use Z to cast anyway.)
A rat comes into view.
A goblin comes into view. It is wielding a +0 club.
The blast of sand hits the endoplasm!
You kill the endoplasm! šŸ˜Ž MP[-1]
You lost 1 mp, and now have 2/3 mp.
You can't see any susceptible monsters within range! (Use Z to cast anyway.)
The blast of sand hits the rat!
You kill the rat! šŸ˜Ž MP[-1]
You lost 1 mp, and now have 1/3 mp.
The blast of sand hits the goblin!
You kill the goblin! šŸ˜Ž MP[-1]
You lost 1 mp, and now have 0/3 mp.
You now have 19 gold pieces (gained 4).
Key pressed, stopping explore.
A rat comes into view. šŸ˜Ž MP[+3]
Your mp is fully restored (3).
A rat is nearby!
A rat is nearby!
A goblin comes into view. It is wielding a +0 club.
The goblin shouts!
The blast of sand misses the rat.
The rat bites you. šŸ˜® HP[-3] MP[-1]
You take 3 damage, and now have 8/11 hp.
MASSIVE DAMAGE!! (PAUSE)
You lost 1 mp, and now have 2/3 mp.
You are too injured to fight recklessly!
You are too injured to fight recklessly!
You tentacle-slap the rat but do no damage.
You grab the rat. You constrict the rat. The rat barely misses you.
You tentacle-slap the rat but do no damage.
You constrict the rat. The rat bites you. šŸ˜® HP[-2]
You take 2 damage, and now have 6/11 hp.
You barely miss the rat. You constrict the rat. The rat barely misses you.
You tentacle-slap the rat.
You kill the rat!
The goblin hits you with a +0 club.
* * * LOW HITPOINT WARNING * * *
šŸ˜± HP[-4]
You take 4 damage, and now have 2/11 hp.
MASSIVE DAMAGE!! (PAUSE)
Casting: Sandblast (safe; 5% risk of failure)
Confirm with . or Enter, or press ? or * to list all spells.
Aiming: Sandblast (safe; 5% risk of failure)
Press: ? - help, Shift-Dir - straight line, f - goblin
Aim: a goblin, wielding a +0 club (77% to hit)
The blast of sand misses the goblin.
The goblin hits you but does no damage. šŸ˜± MP[-1]
You lost 1 mp, and now have 1/3 mp.
Casting: Sandblast (safe; 5% risk of failure)
Confirm with . or Enter, or press ? or * to list all spells.
Aiming: Sandblast (safe; 5% risk of failure)
Press: ? - help, Shift-Dir - straight line, f/p - goblin
Aim: a goblin, wielding a +0 club (77% to hit)
The blast of sand misses the goblin.
The goblin hits you with a +0 club.
You die...

Action                   || total
-------------------------++-------
Melee: Unarmed           ||     4
       Constrict         ||     1
 Cast: Sandblast         ||     8
Armor: Skin              ||     1
Dodge: Dodged            ||     2

Levels and vault maps discovered:
D:1:      mrwooster_arrival_arrow, layout_basic,
          chequers_ecumenical_altar_simple_redux

Notes
Turn   | Place    | Note
-------+----------+-------------------------------------------
     0 | D:1      | spiderkeys the Octopode Earth Elementalist began the quest
                  | for the Orb.
     0 | D:1      | Reached XP level 1. HP: 11/11 MP: 3/3
     0 | D:1      | magus.rc [v1.11.3]
   238 | D:1      | HP: 2/11 [goblin/+0 club (4)]
   240 | D:1      | Slain by a goblin

Vanquished Creatures
  An endoplasm (D:1)
  A goblin (D:1)
  A bat (D:1)
  3 rats (D:1)
6 creatures vanquished.

Table legend:
 A = Non-vault XP
 B = Vault XP
 C = Vault XP percentage of total XP
 D = Non-vault monster count
 E = Vault monster count
 F = Vault count percentage of total count
                 A         B        C        D         E       F
            +---------+---------+-------+---------+---------+-------
      Total |       8 |       0 |   0.0 |       6 |       0 |   0.0
            +---------+---------+-------+---------+---------+-------
        D:1 |       8 |       0 |   0.0 |       6 |       0 |   0.0
            +---------+---------+-------+---------+---------+-------

Illustrated notes

Table legend:
 A = Kills in this place as a percentage of kills in entire the game.
 B = Kills by you in this place as a percentage of kills by you in the entire game.
 C = Kills by friends in this place as a percentage of kills by friends in the entire game.
 D = Other kills in this place as a percentage of other kills in the entire game.
 E = Experience gained in this place as a percentage of experience gained in the entire game.
 F = Experience gained in this place divided by the number of levels of this place that you have seen.
                   A       B       C       D       E      F
               +-------+-------+-------+-------+-------+----------------------
         Total | 100.0 | 100.0 |   N/A |   N/A | 100.0 |   8.0
       Dungeon | 100.0 | 100.0 |   N/A |   N/A | 100.0 |   8.0
               +-------+-------+-------+-------+-------+----------------------

Table legend: (Time is in decaauts)
 A = Elapsed time spent in this place.
 B = Non-inter-level travel time spent in this place.
 C = Inter-level travel time spent in this place.
 D = Time resting spent in this place.
 E = Time spent auto-exploring this place.
 F = Levels seen in this place.
 G = Mean time per level.
                   A        B        C        D        E       F      G
               +--------+--------+--------+--------+--------+-----+--------+
         Total |    243 |    243 |      0 |    102 |    105 |   1 |  243.0 |
       Dungeon |    243 |    243 |      0 |    102 |    105 |   1 |  243.0 |
               +--------+--------+--------+--------+--------+-----+--------+

Top non-repeatable levels by time:
     D:1: 243 daAuts
